 Dungeon Crawl Stone Soup version 0.29.1-1-gd02db6906a (webtiles) character file.

Game seed: 16511009273060073673

253 safid the Shooter (level 5, -4/45 HPs)
             Began as a Minotaur Hunter on Oct 3, 2022.
             Slain by a gnoll
             ... wielding a +0 club
              (8 damage)
             ... on level 3 of the Dungeon.
             The game lasted 00:03:44 (2791 turns).

safid the Shooter (Minotaur Hunter)                 Turns: 2791, Time: 00:03:44

Health: -4/45      AC:  3    Str: 16    XL:     5   Next: 90%
Magic:  4/4        EV: 12    Int:  6    God:
Gold:   150        SH:  0    Dex: 15    Spells: 4/4 levels left

rFire   . . .      SeeInvis .   a - +0 shortbow
rCold   . . .      Faith    .   (shield currently unavailable)
rNeg    . . .      Spirit   .   c - +0 leather armour
rPois   .          Reflect  .   (helmet restricted)
rElec   .          Harm     .   (no cloak)
rCorr   .          Rampage  .   (no gloves)
Will    .....                   (no boots)
Stlth   +.........              (no amulet)
HPRegen 0.15/turn               (no ring)
MPRegen 0.09/turn               (no ring)

@: no status effects
A: horns 2, retaliatory headbutt
a: no special abilities


You were on level 3 of the Dungeon.
You visited 1 branch of the dungeon, and saw 3 of its levels.

You collected 150 gold pieces.

Inventory:

Hand Weapons
 a - a +0 shortbow (weapon)
Armour
 c - a +0 leather armour (worn)
Jewellery
 i - a ring of flight
Scrolls
 b - 4 scrolls of immolation
 e - 3 scrolls of blinking {unknown}
 g - 2 scrolls of amnesia {unknown}
 h - a scroll of teleportation {unknown}
 j - a scroll of magic mapping {unknown}
 m - 2 scrolls of enchant armour {unknown}
 q - a scroll of identify {unknown}
 r - a scroll of enchant weapon {unknown}
Potions
 d - 2 potions of haste {unknown}
 f - a potion of might {unknown}
 k - a potion of berserk rage {unknown}
 l - 2 potions of invisibility {unknown}
 n - a potion of resistance {unknown}
 o - a potion of curing {unknown}
 p - a potion of lignification {unknown}


   Skills:
 - Level 3.0 Fighting
 + Level 7.7 Ranged Weapons
 - Level 2.1 Dodging
 - Level 0.7 Stealth


You had 4 spell levels left.
You didn't know any spells.
Your spell library contained the following spells:

 Spells                   Type           Power      Damage    Failure   Level
 Sting                    Tmut/Pois      0%         1d3       52%         1


Dungeon Overview and Level Annotations

Branches:
Dungeon (3/15)

Altars:


Innate Abilities, Weirdness & Mutations

You have a pair of horns on your head.
You reflexively headbutt those who attack you in melee.


Message History

Fire: a) +0 shortbow
Press: ? - help, Q - select action Shift-Dir - straight line, f/p - gnoll
Aim: a gnoll, wielding a +0 club (66% to hit)
You shoot an arrow. The arrow hits the gnoll.
The gnoll is lightly wounded.
The gnoll closely misses you.
Fire: a) +0 shortbow
Press: ? - help, Q - select action Shift-Dir - straight line, f/p - gnoll
Aim: a gnoll, wielding a +0 club (lightly wounded, 66% to hit)
You shoot an arrow. The arrow closely misses the gnoll.
The arrow misses the frilled lizard.
The gnoll barely misses you. You furiously retaliate!
You headbutt the gnoll.
Fire: a) +0 shortbow
Press: ? - help, Q - select action Shift-Dir - straight line, f/p - gnoll
Aim: a gnoll, wielding a +0 club (moderately wounded, 66% to hit)
You shoot an arrow. The arrow closely misses the gnoll.
The arrow hits the frilled lizard.
You kill the frilled lizard!
The gnoll closely misses you.
Fire: a) +0 shortbow
Press: ? - help, Q - select action Shift-Dir - straight line, f/p - gnoll
Aim: a gnoll, wielding a +0 club (moderately wounded, 66% to hit)
You shoot an arrow.
The arrow hits the gnoll but does no damage.
The gnoll is moderately wounded.
The gnoll barely misses you.
Fire: a) +0 shortbow
Press: ? - help, Q - select action Shift-Dir - straight line, f/p - gnoll
Aim: a gnoll, wielding a +0 club (moderately wounded, 66% to hit)
You shoot an arrow. The arrow hits the gnoll!
The gnoll is almost dead.
The gnoll barely misses you. You furiously retaliate!
You headbutt the gnoll, but do no damage.
Fire: a) +0 shortbow
Press: ? - help, Q - select action Shift-Dir - straight line, f/p - gnoll
Aim: a gnoll, wielding a +0 club (almost dead, 66% to hit)
You shoot an arrow. The arrow barely misses the gnoll.
The arrow completely misses the goblin.
The gnoll barely misses you. The gnoll hits you with a +0 club!
You die...

####.....#.##..##..
#####...<.).....#
.........#.#......
#####...>.....###.#
##........#.#########
#.#...........).g..#
#.########.gg###.#.#
##.# ##g## #.#)#
##..#########@# #.#..
#.............#
#...c.
####'#############
#####.. #....)..##
... .♣#####♣.# ....
.##...##.# .#.♣.♣.#.#
.#..>..#.# .#.♣.♣.#.#


You could see 2 gnolls and a goblin.

Vanquished Creatures
  A centaur (D:3)
  2 gnolls (D:3)
  9 adders
  A worm (D:2)
  5 orcs (D:2)
  5 ball pythons
  4 endoplasms (D:1)
  A giant cockroach (D:1)
  10 goblins
  8 hobgoblins
  4 jackals (D:1)
  3 quokkas (D:1)
  6 bats
  2 frilled lizards
  3 kobolds
  5 rats
69 creatures vanquished.

Notes
Turn   | Place    | Note
-------+----------+-------------------------------------------
     0 | D:1      | safid the Minotaur Hunter began the quest for the Orb.
     0 | D:1      | Reached XP level 1. HP: 18/18 MP: 0/0
    34 | D:1      | Reached XP level 2. HP: 16/26 MP: 1/1
   343 | D:1      | You fall into a shaft and drop 1 floor!
   469 | D:2      | Reached skill level 5 in Ranged Weapons
   657 | D:2      | Reached XP level 3. HP: 25/31 MP: 2/2
   864 | D:2      | Found a faded altar of an unknown god.
   882 | D:2      | Got Plato's Opusculum on Filth
  1462 | D:2      | Reached skill level 6 in Ranged Weapons
  1462 | D:2      | Reached XP level 4. HP: 28/38 MP: 3/3
  2415 | D:3      | Reached XP level 5. HP: 38/45 MP: 4/4
  2762 | D:3      | Noticed a centaur
  2767 | D:3      | Reached skill level 7 in Ranged Weapons
  2777 | D:3      | Killed a centaur
  2791 | D:3      | Slain by a gnoll

Illustrated notes

Levels and vault maps discovered:
D:1:      minmay_arrival_doors, layout_rooms
D:2:      layout_basic, shapermc_ecumenical_altar_rom_forum,
          supply_closet_lemuel, kennysheep_pointless_box, grunt_ministairs_9,
          st_stairs_3, minmay_puff
D:3:      minmay_chambers_of_threes, layout_loops_ring,
          nicolae_qazlal_eye_of_the_storm, grunt_ministairs_11,
          minmay_misc_feat_alley, minmay_crystal_water

Skill      XL: |  1  2  3  4  5 |
---------------+----------------+-----
Fighting       | 3 |  3.0
Ranged Weapons | 5 6 7 |  7.7
Dodging        | |  2.1
Stealth        | |  0.7

Action                   |  1- 3 |  4- 6 || total
-------------------------+-------+-------++-------
 Fire: Shortbow          |   109 |   107 ||   216
Armor: Leather armour    |    16 |    14 ||    30
Dodge: Dodged            |    43 |    45 ||    88
